 Dungeon Crawl Stone Soup version 0.20.1-1-g8b1a95d (webtiles) character file.

718 Golfball the Basher (level 7, -5/41 HPs)
             Began as a Gargoyle Fighter on Nov 13, 2017.
             Was a Believer of Zin.
             Killed by divine providence
             ... invoked by an orc priest
              (11 damage)
             ... on level 4 of the Dungeon.
             The game lasted 00:10:19 (2556 turns).

Golfball the Basher (Gargoyle Fighter)              Turns: 2556, Time: 00:10:20

Health: -5/41      AC: 13    Str: 21    XL:     7   Next: 70%
Magic:  7/7        EV:  5    Int:  9    God:    Zin [**....]
Gold:   113        SH: 16    Dex: 12    Spells: 6/6 levels left

rFire    . . .     SeeInvis .   a - +0 flail
rCold    . . .     Gourm    .   j - +2 large shield
rNeg     + . .     Faith    .   b - +0 scale mail
rPois    ∞         Spirit   .   l - +2 hat
rElec    +         Reflect  .   (no cloak)
rCorr    .         Harm     .   (no gloves)
MR       .....                  (no boots)
Stlth    +.........             (no amulet)
Regen    0.2/turn               v - ring of stealth
MPRegen  0.1/turn               g - +3 ring of dexterity

@: no status effects
A: negative energy resistance 1, electricity resistance, unbreathing,
petrification resistance, rot immunity, AC +4
a: Recite, Vitalisation, Donate Gold, Renounce Religion


You were on level 4 of the Dungeon.
You worshipped Zin.
Zin was pleased with you.
You were not hungry.

You visited 1 branch of the dungeon, and saw 4 of its levels.

You collected 125 gold pieces.
You donated 12 gold pieces to Zin.

Inventory:

Hand Weapons
 a - a +0 flail (weapon)
Armour
 b - a +0 scale mail (worn)
 j - a +2 large shield (worn)
 l - a +2 hat (worn)
 u - a +0 robe of fire resistance
Jewellery
 g - a +3 ring of dexterity (right hand)
 v - a ring of stealth (left hand)
Scrolls
 e - a scroll of remove curse {unknown}
 i - a scroll of random uselessness {unknown}
 n - a scroll of teleportation {unknown}
 o - a scroll of recharging {unknown}
Potions
 c - a potion of brilliance
 d - a potion of curing {unknown}
 h - a potion of invisibility
 p - 2 potions of ambrosia
 q - 2 potions of magic
 s - a potion of agility
Comestibles
 f - 3 bread rations
 k - 4 fruits
 m - 2 royal jellies
 t - 2 meat rations


   Skills:
 - Level 3.2 Fighting
 + Level 8.5 Maces & Flails
 - Level 3.2 Armour
 - Level 3.2 Shields


You had 6 spell levels left.
You didn't know any spells.

Dungeon Overview and Level Annotations

Branches:
Dungeon (4/15)
 Temple: D:4-7

Altars:
Yredelemnul
Zin

Shops:
D:4 [


Innate Abilities, Weirdness & Mutations

You are resistant to torment.
Your stone body is resilient. (AC +4)
You are immune to poison.
You resist negative energy. (rN+)
You are resistant to electric shocks. (rElec)
You can survive without breathing.
You are immune to petrification.
You are immune to rotting.


Message History

You sock the orc!
You kill the orc!
The orc priest mumbles some strange prayers to Beogh against you.
Beogh smites you!
* * * LOW HITPOINT WARNING * * *
You clear your throat and prepare to recite. "It was the word of Zin that there would not be discord..."
You hear a shout!
An orc wizard comes into view.
It is wielding a dagger. "...and did the people not suffer until they had purified..."
The orc priest miscasts a cantrip.
The orc wizard casts a spell at you. You block the puff of flame.
Things that are here:
a flail; 23 gold pieces "...the bastard children of Xom, after which all was well?"
You finish reciting Apostates 1:29.
The orc priest invokes the aid of Beogh against you.
Beogh smites you!
You die...

. . ## .. ..#### .#...
....#### ######..... ####
#...)####)).)......
##...##....<.)).######...
.#.............### #
......o..o)..#.#
#........@.....#
#............#.#
..............#
##..o8#...###.#
.<#####.#.......#
.....8.∩.8.####)#
........#######.#
..####.8........#
#..#######.#######


You could see an orc priest and 2 orc wizards.

Vanquished Creatures
  The ghost of dacendoran the Skirmisher, an amateur MiHu (D:3)
  Eustachio (D:4)
  An ogre (D:4)
  2 hounds (D:4)
  An orc priest (D:3)
  4 orc wizards
  An iguana (D:4)
  Terence (D:3)
  2 adders (D:3)
  4 worms
  2 dart slugs
  2 leopard geckos (D:3)
  5 orcs
  2 giant cockroaches
  8 goblins
  8 hobgoblins
  3 jackals (D:1)
  3 quokkas
  2 ball pythons (D:1)
  7 bats
  3 frilled lizards (D:2)
  4 kobolds
  2 rats
  A spectral orc (D:2)
70 creatures vanquished.

Notes
Turn   | Place    | Note
-------+----------+-------------------------------------------
     0 | D:1      | Golfball the Gargoyle Fighter began the quest for the Orb.
     0 | D:1      | Reached XP level 1. HP: 14/14 MP: 1/1
   237 | D:1      | Reached XP level 2. HP: 19/19 MP: 2/2
   350 | D:1      | Reached skill level 3 in Maces & Flails
   744 | D:2      | Reached XP level 3. HP: 23/23 MP: 3/3
  1188 | D:2      | Found a basalt altar of Yredelemnul.
  1428 | D:3      | Reached skill level 4 in Maces & Flails
  1538 | D:3      | Reached XP level 4. HP: 27/28 MP: 4/4
  1689 | D:3      | Reached skill level 5 in Maces & Flails
  1689 | D:3      | Reached XP level 5. HP: 25/32 MP: 5/5
  1884 | D:3      | Noticed dacendoran's ghost (amateur MiHu)
  1901 | D:3      | Killed dacendoran's ghost
  1901 | D:3      | Reached skill level 6 in Maces & Flails
  1901 | D:3      | Reached XP level 6. HP: 33/37 MP: 6/6
  1993 | D:3      | Found a faded altar of an unknown god.
  2002 | D:3      | Became a worshipper of Zin the Law-Giver
  2002 | D:3      | Reached * piety under Zin
  2016 | D:3      | Reached ** piety under Zin
  2066 | D:3      | Noticed Terence
  2084 | D:3      | Killed Terence
  2168 | D:4      | Found Jameveco's Antique Armour Shoppe.
  2190 | D:4      | Noticed Eustachio
  2213 | D:4      | Killed Eustachio
  2213 | D:4      | Reached skill level 7 in Maces & Flails
  2213 | D:4      | Reached XP level 7. HP: 22/41 MP: 7/7
  2387 | D:4      | Reached skill level 8 in Maces & Flails
  2556 | D:4      | Killed from afar by an orc priest

Skill      XL: |  1  2  3  4  5  6  7 |
---------------+----------------------+-----
Maces & Flails | 3 4 5 6 7 8 |  8.5
Fighting       | |  3.2
Armour         | |  3.2
Shields        | |  3.2

Action                   |  1- 3 |  4- 6 |  7- 9 || total
-------------------------+-------+-------+-------++-------
Melee: Flail             |    83 |    44 |    82 ||   209
       Mace              |    46 |    52 |       ||    98
Invok: Recite            |       |     1 |     1 ||     2
  Use: Scroll            |     6 |     3 |       ||     9
       Potion            |       |     2 |       ||     2
  Eat: Chunk             |     2 |     2 |     2 ||     6
Armor: Scale mail        |    42 |    31 |    30 ||   103
Dodge: Dodged            |    18 |    10 |    13 ||    41
Block: Large shield      |   111 |    65 |    74 ||   250
       Shield            |     3 |       |       ||     3
